 Dungeon Crawl Stone Soup version 0.30-a0-1053-gbd8d5ba0ad (webtiles) character file.

Game seed: 7671508059858211081

1331 senseless the Firebug (level 8, 0/52 HPs)
             Began as a Demonspawn Fire Elementalist on Apr 11, 2023.
             Was an Initiate of Makhleb.
             Slain by an ogre
             ... wielding a +0 giant club
              (27 damage)
             ... on level 6 of the Dungeon.
             The game lasted 00:22:55 (4134 turns).

senseless the Firebug (DsFE)                        Turns: 4134, Time: 00:22:55

Health: 0/52       AC: 18    Str:  9    XL:     8   Next: 34%
Magic:  13/15      EV: 15    Int: 18    God:    Makhleb [......]
Gold:   310        SH:  0    Dex: 20    Spells: 6/16 levels left

rFire   . . .      SeeInvis .    b - staff of conjuration
rCold   . . .      Faith    .    r - orb {mayhem}
rNeg    . . .      Spirit   .    C - +2 robe
rPois   +          Reflect  .    j - +1 hat
rElec   .          Rampage  .    e - +1 cloak
rCorr   .                        (no gloves)
Will    .....                    f - +1 pair of boots
Stlth   +++                      g - amulet of magic regeneration
HPRegen 0.28/turn                d - ring of poison resistance
MPRegen 0.54/turn                h - +6 ring of dexterity

@: sanguine armoured
A: demonic guardian 2, sanguine armour 2, demonic magic 1, demonic touch 1
a: Renounce Religion


You were on level 6 of the Dungeon.
You worshipped Makhleb.
Makhleb was noncommittal.
You visited 2 branches of the dungeon, and saw 7 of its levels.
You also visited: Sewer.

You collected 310 gold pieces.

Inventory:

Hand Weapons
 a - a +2 whip of freezing
 p - a +1 broad axe of protection
 v - a +1 dagger of venom
Armour
 e - a +1 cloak (worn)
 f - a +1 pair of boots (worn)
 j - a +1 hat (worn)
 r - an orb of mayhem (worn)
 s - a +0 helmet
 C - a +2 robe (worn)
Magical Staves
 b - a staff of conjuration (weapon)
Jewellery
 d - a ring of poison resistance (left hand)
 g - an amulet of magic regeneration (around neck)
 h - a +6 ring of dexterity (right hand)
 x - an amulet of the acrobat
Wands
 A - a wand of quicksilver (8)
Scrolls
 c - a scroll of poison
 l - 4 scrolls of fear
 n - a scroll of magic mapping {unknown}
Potions
 i - 2 potions of might
 k - a potion of cancellation
 m - 2 potions of heal wounds
 o - 2 potions of magic
 q - a potion of haste
 t - 3 potions of ambrosia
 u - a potion of attraction
 w - 3 potions of mutation
 z - a potion of resistance {unknown}
 B - a potion of experience {unknown}


   Skills:
 + Level 4.6 Dodging
 - Level 4.0 Stealth
 + Level 4.7 Spellcasting
 + Level 4.7 Conjurations
 + Level 5.0 Fire Magic


You had 6 spell levels left.
You knew the following spells:

 Your Spells              Type           Power      Damage    Failure   Level
a - Foxfire               Conj/Fire      100%       2x1d9     1%          1
b - Scorch                Fire           44%        2d7       2%          2
c - Flame Wave            Conj/Fire      32%        2d9       19%         4
d - Volatile Blastmotes   Fire/Tloc      26%        2d12      14%         3

Your spell library contained the following spells:

 Spells                   Type           Power      Damage    Failure   Level
 Inner Flame              Hex/Fire       13%        N/A       14%         3
 Lesser Beckoning         Tloc           8%         N/A       21%         2
 Sublimation of Blood     Necr           4%         N/A       21%         2
 Wereblood                Tmut           4%         N/A       21%         2
 Gell's Gravitas          Tloc           4%         N/A       38%         3
 Summon Guardian Golem    Hex/Summ       4%         N/A       38%         3
 Teleport Other           Tloc           4%         N/A       38%         3
 Orb of Destruction       Conj           16%        9d7       100%        7
 Spellforged Servitor     Conj/Summ      9%         N/A       100%        7
 Summon Hydra             Summ           2%         N/A       100%        7
 Borgnjor's Revivificati  Necr           2%         N/A       100%        8
 Necromutation            Tmut/Necr      2%         N/A       100%        8
 Death's Door             Necr           2%         N/A       100%        9


Dungeon Overview and Level Annotations

Branches:
Dungeon (6/15)             Temple (1/1) D:6           Sewer (visited)

Altars:
Hepliaklqana
Makhleb
Wu Jian
Xom
Yredelemnul

Annotations:
D:6 1 transporter, UltrafastDeath's ghost, novice HOFi


Innate Abilities, Weirdness & Mutations

A demonic guardian rushes to your aid.
When seriously injured, your blood forms thick armour. (AC +9)
Spells you cast may paralyse adjacent enemies.
Your touch may inflict minor irresistible damage on your foes.


Message History

The ogre moves out of view.
You see here a scroll labelled ENETHR LUOTH.
n - a scroll labelled ENETHR LUOTH An adder comes into view.
The adder moves out of view.
There is a staircase to the Ecumenical Temple here.
The ogre hits the bush with a +0 giant club!!
The adder hisses angrily.
You climb downwards.
Welcome to the Ecumenical Temple!
There is a staircase back to the Dungeon here.
You open the door.
Found an ornate altar of the Wu Jian Council.
There is an open door here.
There is an open door here.
Found a burning altar of Makhleb.
You open the door.
Found a hazy altar of Hepliaklqana.
There is a burning altar of Makhleb here.
You kneel at the altar of Makhleb.
Makhleb welcomes you!
There is a staircase back to the Dungeon here.
You climb upwards.
Welcome back to the Dungeon!
Level annotation: 1 transporter, UltrafastDeath's ghost, novice HOFi The ogre hits you with a +0 giant club!!
Ouch! That really hurt!
A demonic guardian appears!
Your blood congeals into armour.
The ogre closely misses your ice devil.
The adder bites the bush but does no damage.
There is a staircase to the Ecumenical Temple, spattered with blood here.
You are too injured to fight recklessly!
Casting: Scorch (safe; 2% risk of failure)
Confirm with . or Enter, or press ? or * to list all spells.
Flames lash the ogre.
The ogre is heavily wounded.
The ogre's fire resistance burns away.
Malevolent energies surge around you.
The adder bites the bush but does no damage.
Your ice devil hits the ogre!
Your ice devil freezes the ogre!
The ogre hits you with a +0 giant club!!
Ouch! That really hurt!
You die...

.......##.# ....
.......##.#####..#
........#.....#..#######
...........##.#......#..
>.....................#
####....#.......#.#..#
#.P..P.##..<......#
#.SPPP.........##.# .
##OP@P...#........##.
#4POPP#.#.....##..#$
#P.PPP#...#......©#?
####......#.####..#5
######.#.# #.##. #.#.#
#.# #.#.# #.# ..# #.##
#.####..#


You could see 2 ogres, an adder and a friendly ice devil (summoned).

Vanquished Creatures
  Sigmund (D:3)
  Menkaure (D:6)
  Pargi (Sewer)
  A black bear (D:4)
  An ogre (D:6)
  3 scorpions (D:5)
  3 hounds (D:5)
  3 jellies
  3 iguanas
  Jessica (D:3)
  Natasha (D:3)
  3 gnolls (D:5)
  10 adders
  2 worms
  4 dart slugs
  9 orcs
  A bat (D:1)
  7 endoplasms
  9 goblins
  5 hobgoblins
  8 jackals
  9 quokkas
  7 ball pythons
  3 frilled lizards
  7 kobolds
  5 rats
108 creatures vanquished.

Vanquished Creatures (collateral kills)
  Natasha (D:3)
  A gnoll (D:5)
  2 orcs (D:4)
  A goblin (D:3)
  A hobgoblin (D:3)
6 creatures vanquished.

Vanquished Creatures (others)
  Robin (D:3)
  An adder (D:4)
  2 goblins (D:3)
  80 foxfires
84 creatures vanquished.

Grand Total: 198 creatures vanquished

Notes
Turn   | Place    | Note
-------+----------+-------------------------------------------
     0 | D:1      | senseless the Demonspawn Fire Elementalist began the quest
                  | for the Orb.
     0 | D:1      | Reached XP level 1. HP: 13/13 MP: 3/3
   291 | D:1      | Gained mutation: A weak demonic guardian rushes to your
                  | aid. [demonic ancestry]
   291 | D:1      | Reached XP level 2. HP: 19/19 MP: 5/5
   599 | D:1      | Gained mutation: Spells you cast may paralyse adjacent
                  | enemies. [demonic ancestry]
   599 | D:1      | Reached XP level 3. HP: 24/24 MP: 6/6
   665 | D:1      | Learned a level 2 spell: Scorch
   709 | D:2      | Reached skill level 3 in Fire Magic
  1314 | D:3      | Noticed Robin
  1319 | D:3      | Gained mutation: A demonic guardian rushes to your aid.
                  | [demonic ancestry]
  1319 | D:3      | Reached XP level 4. HP: 30/30 MP: 2/7
  1322 | D:3      | Killed Robin
  1380 | D:3      | Found a shimmering altar of Xom.
  1381 | D:3      | Found a basalt altar of Yredelemnul.
  1432 | D:3      | Found a faded altar of an unknown god.
  1452 | D:3      | Noticed Natasha
  1465 | D:3      | Killed Natasha
  1467 | D:3      | Noticed Sigmund
  1738 | D:3      | Killed Sigmund
  1739 | D:3      | Gained mutation: When seriously injured, your blood forms
                  | armour. (AC +9) [demonic ancestry]
  1739 | D:3      | Reached XP level 5. HP: 35/35 MP: 0/9
  1739 | D:3      | Gained mutation: When seriously injured, your blood forms
                  | thick armour. (AC +9) [demonic ancestry]
  1739 | D:3      | Reached XP level 6. HP: 41/41 MP: 0/10
  1774 | D:3      | Noticed Natasha
  1776 | D:3      | Killed Natasha
  1824 | D:3      | Noticed Jessica
  1830 | D:3      | Killed Jessica
  1901 | D:3      | Learned a level 4 spell: Flame Wave
  2120 | D:4      | Found a glowing drain.
  2183 | Sewer    | Entered a sewer
  2219 | Sewer    | Noticed Pargi
  2224 | Sewer    | Killed Pargi
  2225 | Sewer    | Reached skill level 4 in Fire Magic
  2225 | Sewer    | Reached XP level 7. HP: 46/46 MP: 9/12
  2711 | D:4      | Learned a level 3 spell: Volatile Blastmotes
  3057 | D:5      | Entered Level 5 of the Dungeon
  3549 | D:5      | Gained mutation: Your touch may inflict minor irresistible
                  | damage on your foes. [demonic ancestry]
  3549 | D:5      | Reached XP level 8. HP: 52/52 MP: 10/14
  3970 | D:6      | Noticed Menkaure
  3977 | D:6      | Killed Menkaure
  3986 | D:6      | Reached skill level 5 in Fire Magic
  4015 | D:6      | Found a transporter.
  4019 | D:6      | Noticed UltrafastDeath's ghost (novice HOFi)
  4027 | D:6      | Found a staircase to the Ecumenical Temple.
  4049 | Temple   | Entered the Ecumenical Temple
  4115 | Temple   | Became a worshipper of Makhleb the Destroyer
  4134 | D:6      | Slain by an ogre

Illustrated notes

Levels and vault maps discovered:
D:1:      wander_arrival_desolate, layout_basic
D:2:      layout_basic
D:3:      layout_rooms, gammafunk_temple_overflow_claw,
          hellmonk_ecumenical_altar_leap_of_faith, uniq_jessica, uniq_robin,
          uniq_sigmund, uniq_natasha
D:4:      layout_loops_corners, gup_sewer_entry_glass
D:5:      layout_basic
D:6:      layout_basic, tso_metal_star, minmay_temple_entry_overgrown,
          gammafunk_ghost_stat_death, uniq_menkaure
Temple:   regret_index_temple_generic_petals

Skill      XL: |  1  2  3  4  5  6  7  8 |
---------------+-------------------------+-----
Stealth        | 2 3 4 |  4.0
Dodging        | 2 3 4 |  4.6
Fire Magic     | 3 4 5 |  5.0
Conjurations   | 2 3 4 |  4.7
Spellcasting   | 3 4 |  4.7

Action                     |  1- 3 |  4- 6 |  7- 9 || total
---------------------------+-------+-------+-------++-------
  Melee: Short sword       |    15 |       |       ||    15
         Hand axe          |     1 |       |       ||     1
         Whip              |       |    11 |       ||    11
         Broad axe         |       |       |     2 ||     2
   Cast: Foxfire           |    41 |     5 |     3 ||    49
         Scorch            |    24 |    40 |    70 ||   134
         Flame Wave        |       |     1 |       ||     1
         Volatile Blastmot |       |       |     1 ||     1
    Use: Scroll            |       |    10 |     5 ||    15
   Stab: Paralysed         |     1 |     1 |       ||     2
 Armour: Robe              |     6 |    10 |     4 ||    20
  Dodge: Dodged            |    30 |    15 |    24 ||    69

Table legend: (Time is in decaauts)
 A = Elapsed time spent in this place.
 B = Non-inter-level travel time spent in this place.
 C = Inter-level travel time spent in this place.
 D = Time resting spent in this place.
 E = Time spent auto-exploring this place.
 F = Levels seen in this place.
 G = Mean time per level.
                   A        B        C        D        E       F      G
               +--------+--------+--------+--------+--------+-----+--------+
         Total |   4145 |   3984 |    161 |    171 |   3012 |   8 |  518.1 |
       Dungeon |   3940 |   3795 |    145 |    171 |   2882 |   6 |  656.7 |
        Temple |     83 |     67 |     16 |      0 |     52 |   1 |   83.0 |
         Sewer |    120 |    120 |      0 |      0 |     78 |   1 |  120.0 |
               +--------+--------+--------+--------+--------+-----+--------+

Top non-repeatable levels by time:
     D:4: 948 daAuts
     D:5: 760 daAuts
     D:2: 726 daAuts
     D:3: 691 daAuts
     D:1: 664 daAuts
     D:6: 148 daAuts
   Sewer: 120 daAuts
  Temple: 83 daAuts
